 Dungeon Crawl Stone Soup version 0.30.0-15-g856e2d3f33 (webtiles) character file.

Game seed: 286691270738577953

2070 ProzacElf the Soothsayer (level 9, -1/61 HPs)
             Began as a Demonspawn Reaver on May 19, 2023.
             Was a Priest of Nemelex Xobeh.
             Slain by a hornet (13 damage)
             ... on level 8 of the Dungeon.
             The game lasted 00:16:30 (7361 turns).

ProzacElf the Soothsayer (Demonspawn Reaver)        Turns: 7361, Time: 00:16:30

Health: -1/61      AC:  7    Str: 17    XL:     9   Next: 5%
Magic:  16/16      EV: 12    Int: 15    God:    Nemelex Xobeh [***...]
Gold:   257        SH:  6    Dex: 17    Spells: 11/12 levels left

rFire   + . .        b - +1 falchion of Dowdy Responsibility {flame, rF+ rC+ SInv}
rCold   + . .        (no shield)
rNeg    . . .        k - +3 leather armour {rPois}
rPois   +            (no helmet)
rElec   .            D - +0 cloak
rCorr   .            (no gloves)
SInv    +            (no boots)
Will    .....        t - amulet of regeneration
Stlth   ++           f - +6 ring of dexterity
HPRegen 1.10/turn    (no ring)
MPRegen 0.15/turn

%: no passive effects
@: studying Axes
A: hooves 1, large bone plates 2, powered by death 1, demonic magic 2
a: Renounce Religion, Draw Escape, Draw Destruction, Draw Summoning, Triple Draw


You were on level 8 of the Dungeon.
You worshipped Nemelex Xobeh.
Nemelex Xobeh was most pleased with you.
You visited 2 branches of the dungeon, and saw 9 of its levels.
You also visited: Sewer.

You collected 481 gold pieces.
You spent 224 gold pieces at shops.

Inventory:

Hand Weapons
 a - a +0 broad axe
 b - the +1 falchion of Dowdy Responsibility (weapon) {flame, rF+ rC+ SInv}
   (You found it on level 6 of the Dungeon)

   rF:        It protects you from fire.
   rC:        It protects you from cold.
   SInv:      It lets you see invisible.
 g - a +2 short sword of distortion
 u - the +1 dagger of Departure {spect, rF+ MP-9 Dex+3 SInv}
   (You found it on level 2 of the Dungeon)

   Dex:       It affects your dexterity (+3).
   rF:        It protects you from fire.
   MP:        It affects your magic capacity (-9).
   SInv:      It lets you see invisible.
 v - a +0 mace
 x - a +4 quarterstaff of chaos
 K - a +0 long sword
 L - a +1 hand axe of venom
Missiles
 c - 2 throwing nets
 h - 3 curare-tipped darts
 y - 27 poisoned darts (quivered)
Armour
 k - a +3 leather armour of poison resistance (worn)
 w - a scarf of invisibility
 z - a +2 leather armour of fire resistance
 A - an orb of mayhem
 D - a +0 cloak (worn)
Magical Staves
 r - a staff of fire
Jewellery
 f - a +6 ring of dexterity (left hand)
 o - a +6 ring of strength
 s - an amulet of reflection
 t - an amulet of regeneration (around neck)
Wands
 n - a wand of paralysis (12)
 B - a wand of flame (29)
Scrolls
 l - 2 scrolls of blinking
 m - 2 scrolls of magic mapping
 E - a scroll of fear {unknown}
 F - a scroll of teleportation
 G - a scroll of amnesia {unknown}
 H - a scroll of summoning {unknown}
 I - a scroll of vulnerability
Potions
 d - 2 potions of haste
 e - 7 potions of mutation
 i - a potion of invisibility
 j - 6 potions of heal wounds
 p - 4 potions of curing
 q - 2 potions of brilliance
 C - 2 potions of attraction
 J - a potion of flight {unknown}


   Skills:
 - Level 2.0 Fighting
 + Level 8.9(9.2) Axes
 - Level 3.6(6.7) Maces & Flails
 - Level 1.7 Dodging
 - Level 2.1 Stealth
 - Level 2.0 Spellcasting
 - Level 3.0 Conjurations
 - Level 5.0 Necromancy
 + Level 9.5 Invocations


You had 11 spell levels left.
You knew the following spells:

 Your Spells              Type           Power      Damage    Failure   Level
a - Kiss of Death         Conj/Necr      52%        2d9       5%          1

Your spell library contained the following spells:

 Spells                   Type           Power      Damage    Failure   Level
 Vampiric Draining        Necr           16%        2d7       11%         3
 Momentum Strike          Conj/Tloc      12%        3d8       22%         2
 Slow                     Hex            4%         N/A       26%         1
 Ensorcelled Hibernation  Hex/Ice        2%         N/A       38%         2
 Passwall                 Tmut/Erth      0%         N/A       38%         2
 Dazzling Flash           Conj/Hex       12%        N/A       41%         3
 Hailstorm                Conj/Ice       6%         3d4       41%         3
 Confusing Touch          Hex            1%         N/A       63%         3
 Gell's Gravitas          Tloc           1%         N/A       63%         3
 Ozocubu's Armour         Ice            1%         N/A       63%         3
 Swiftness                Air            1%         N/A       63%         3
 Teleport Other           Tloc           1%         N/A       63%         3
 Volatile Blastmotes      Fire/Tloc      2%         2d10      63%         3
 Anguish                  Hex/Necr       4%         N/A       67%         4
 Agony                    Necr           16%        N/A       67%         5
 Fulminant Prism          Conj/Hex       3%         3d5       82%         4
 Iskenderun's Mystic Bla  Conj/Tloc      6%         2d4       82%         4
 Cause Fear               Hex            0%         N/A       95%         4
 Petrify                  Tmut/Erth      1%         N/A       95%         4
 Lee's Rapid Deconstruct  Erth           0%         3d4*      100%        5
 Metabolic Englaciation   Hex/Ice        0%         N/A       100%        5
 Silence                  Hex/Air        0%         N/A       100%        5
 Dispersal                Tloc           0%         N/A       100%        6
 Statue Form              Tmut/Erth      0%         N/A       100%        6
 Enfeeble                 Hex            0%         N/A       100%        7
 Ozocubu's Refrigeration  Ice            0%         4d7       100%        7


Dungeon Overview and Level Annotations

Branches:
Dungeon (8/15)             Temple (1/1) D:4           Sewer (visited)
   Lair: D:8-11

Altars:
Ashenzari
Gozag
Hepliaklqana
Kikubaaqudgha
Makhleb
Nemelex Xobeh
Ru
Sif Muna
Trog
Vehumet
Xom
Yredelemnul

Shops:
D:4 !   D:7 :!

Portals:
Bailey: D:8


Innate Abilities, Weirdness & Mutations

You have large cloven feet.
You are mostly covered in large bone plates. (SH +6)
You regenerate a little health from kills.
Spells you cast may paralyse nearby enemies.


Message History

Tha hornet buzzes angrily.
Ye hit tha hornet.
Ye burn tha hornet.
Yer kick misses tha hornet.
Tha hornet be moderately wounded.
Tha hornet stin's ye.
Tha hornet misses ye.
Ye take 4 damage, an' haf 57/61 hp.
Ye slash tha hornet!
Ye burn tha hornet.
Yer kick misses tha hornet.
Tha hornet be heavily wounded.
Tha hornet stin's ye!
Tha hornet stin's ye.
Ye take 14 damage, an' haf 43/61 hp.
MASSIVE DAMAGE!!
Ye closely miss tha hornet.
Ye kick tha hornet.
Tha hornet be severely wounded.
Tha hornet stin's ye but does nay damage.
Tha hornet barely misses ye.
Ye regain'd 2 hp, an' now haf 45/61 hp.
Ye barely miss tha hornet.
Yer kick misses tha hornet.
Tha hornet be severely wounded.
Ye block tha hornet's attack.
Tha hornet stin's ye!
Ye take 9 damage, an' haf 36/61 hp.
Ye closely miss tha hornet.
Yer kick misses tha hornet.
Tha hornet be severely wounded.
Tha hornet stin's ye!
Tha hornet stin's ye.
Ye take 12 damage, an' haf 24/61 hp.
Ye hit tha hornet.
Ye burn tha hornet.
Ye kick tha hornet, but do nay damage.
Ye punch tha hornet, but do nay damage.
Tha hornet be severely wounded.
Tha hornet misses ye.
Tha hornet stin's ye!
* * * LOW HITPOINT WARNIN'
* * * Ye feel yerself slow down.
Ye miss tha hornet.
Tha hornet be severely wounded.
Ye feel yerself speed up.
Tha hornet closely misses ye.
Ye block tha hornet's attack.
Tha hornet stin's ye!
* * * LOW HITPOINT WARNIN'
* * * Ye take 13 damage, an' haf 11/61 hp.
MASSIVE DAMAGE!!
Ye miss tha hornet.
Ye kick tha hornet.
Tha hornet be almost dead.
Tha hornet stin's ye!
Ye die...
Yer body glows slightly an' disappears.

,,***,<,,,,,,* *,*,*
,,***,,..,,,,* *,*,*
,,,,,,,..##..* *,*,************
*,***,*,.....# *,*,*,,,,,,,,,,,
,,* *,,,,#...# *,#,*,**********
**########...# *.#,*,* *
,,.......#...#####.#,*,* *
***#...............#.#,**********
* #............@y...#,*,,,,,,,,*
* #.......)..########,*,,,,,,,,*
* #......)∩)........,,*,,,,,,,,*
#.?.....)...######***,,,,,,,,*
#####......## *,,,,,,,,* #.######
*,,,,,,,,* #.#############
*,,,,,,,,, #.......>.....#
********,, #############.# *,,


You could see a hornet.

Vanquished Creatures
  Grinder (D:5)
  A sky beast (D:7)
  2 black bears (D:4)
  An ogre (D:6)
  A phantom (D:5)
  2 centaurs (D:6)
  2 kobold brigands
  2 bullfrogs (Sewer)
  A scorpion (D:5)
  A howler monkey (D:6)
  5 hounds
  2 jellies
  A gnoll bouda (D:6)
  4 iguanas
  7 orc wizards
  13 adders
  4 gnolls (D:6)
  A river rat (D:6)
  A white imp (D:4)
  2 ufetubi
  3 worms
  3 dart slugs
  14 orcs
  7 bats
  5 endoplasms
  12 giant cockroaches
  4 goblins
  9 hobgoblins
  4 jackals (D:1)
  9 quokkas
  10 ball pythons
  12 frilled lizards
  13 kobolds
  5 rats
164 creatures vanquished.

Vanquished Creatures (collateral kills)
  An orc warrior (D:6)
1 creature vanquished.

Grand Total: 165 creatures vanquished

Notes
Turn   | Place    | Note
-------+----------+-------------------------------------------
     0 | D:1      | ProzacElf the Demonspawn Reaver began the quest for the
                  | Orb.
     0 | D:1      | Reached XP level 1. HP: 16/16 MP: 3/3
    73 | D:1      | Gained mutation: You have large cloven feet. [demonic
                  | ancestry]
    73 | D:1      | Reached XP level 2. HP: 8/22 MP: 5/5
    75 | D:1      | Reached skill level 1 in Necromancy
   175 | D:1      | Reached skill level 1 in Stealth
   457 | D:1      | Gained mutation: Spells you cast may paralyse adjacent
                  | enemies. [demonic ancestry]
   457 | D:1      | Reached XP level 3. HP: 23/27 MP: 6/6
   528 | D:1      | Found a faded altar of an unknown god.
  1018 | D:2      | Found an ancient bone altar of Kikubaaqudgha.
  1076 | D:2      | Identified the +1 dagger of Departure {spect, rF+ MP-9
                  | Dex+3 SInv}
  1443 | D:2      | Gained mutation: You regenerate a little health from kills.
                  | [demonic ancestry]
  1443 | D:2      | Reached XP level 4. HP: 29/33 MP: 0/7
  1812 | D:3      | Found a burning altar of Makhleb.
  1814 | D:3      | Noticed an Executioner
  1870 | D:3      | Found a sacrificial altar of Ru.
  1877 | D:3      | Found a sparkling altar of Nemelex Xobeh.
  1880 | D:3      | Became a worshipper of Nemelex Xobeh the Trickster
  1882 | D:3      | Found a broken altar of Ashenzari.
  2261 | D:3      | Reached skill level 1 in Invocations
  2494 | D:4      | Gained mutation: You are partially covered in large bone
                  | plates. (SH +4) [demonic ancestry]
  2494 | D:4      | Reached XP level 5. HP: 36/38 MP: 0/8
  2530 | D:4      | Found a staircase to the Ecumenical Temple.
  2561 | D:4      | Noticed a black bear
  2571 | D:4      | Killed a black bear
  2572 | D:4      | Reached skill level 1 in Axes
  2572 | D:4      | Reached skill level 2 in Invocations
  2576 | D:4      | Gained mutation: You are mostly covered in large bone
                  | plates. (SH +6) [demonic ancestry]
  2576 | D:4      | Reached XP level 6. HP: 41/44 MP: 0/9
  2605 | D:4      | Reached skill level 3 in Invocations
  2623 | Temple   | Entered the Ecumenical Temple
  2743 | D:4      | Reached * piety under Nemelex Xobeh
  2790 | D:4      | Found a shimmering altar of Xom.
  2795 | D:4      | Noticed an angel
  2843 | D:4      | Reached skill level 4 in Invocations
  2884 | D:4      | Found Aneenoca's Distillery.
  2888 | D:4      | Bought a potion of heal wounds for 70 gold pieces
  2912 | D:4      | Received a gift from Nemelex Xobeh
  3136 | D:4      | Found a bloodstained altar of Trog.
  3152 | D:5      | Entered Level 5 of the Dungeon
  3172 | D:5      | Noticed Grinder
  3181 | D:5      | Killed Grinder
  3182 | D:5      | Gained mutation: Spells you cast may paralyse nearby
                  | enemies. [demonic ancestry]
  3182 | D:5      | Reached XP level 7. HP: 50/50 MP: 1/10
  3477 | D:5      | Reached skill level 5 in Invocations
  3498 | D:5      | Reached skill level 5 in Necromancy
  3658 | D:5      | Reached skill level 6 in Invocations
  3702 | D:5      | Reached skill level 5 in Axes
  3749 | D:5      | Reached ** piety under Nemelex Xobeh
  4099 | D:6      | Reached XP level 8. HP: 52/56 MP: 3/12
  4269 | D:6      | Found a glowing drain.
  4278 | Sewer    | Entered a sewer
  4360 | Sewer    | Reached skill level 7 in Invocations
  4844 | D:6      | Identified the +1 falchion of Dowdy Responsibility {flame,
                  | rF+ rC+ SInv}
  4982 | D:6      | Reached skill level 8 in Invocations
  5306 | D:6      | Found a basalt altar of Yredelemnul.
  5515 | D:6      | Reached skill level 9 in Invocations
  5578 | D:6      | Found an opulent altar of Gozag.
  5612 | D:6      | Found a runed translucent door.
  5613 | D:6      | Noticed Crazy Yiuf
  5617 | D:6      | Crazy Yiuf changed into Crazy Yiuf the jelly
  5617 | D:6      | Noticed Crazy Yiuf
  5619 | D:6      | Killed Crazy Yiuf the jelly
  6065 | D:6      | Reached *** piety under Nemelex Xobeh
  6116 | D:6      | Received a gift from Nemelex Xobeh
  6294 | D:6      | Found a shimmering blue altar of Sif Muna.
  6621 | D:7      | Found a radiant altar of Vehumet.
  6666 | D:7      | Found a hazy altar of Hepliaklqana.
  6685 | D:7      | Reached XP level 9. HP: 57/60 MP: 14/16
  6876 | D:7      | Found Essuripp's Distillery.
  6879 | D:7      | Bought a potion of curing for 42 gold pieces
  6879 | D:7      | Bought a potion of curing for 42 gold pieces
  6879 | D:7      | Bought a potion of heal wounds for 70 gold pieces
  7103 | D:7      | Received a gift from Nemelex Xobeh
  7104 | D:7      | Found Oleutemiu's Tiny Tomes.
  7338 | D:8      | Found a flagged portal.
  7361 | D:8      | Slain by a hornet

Illustrated notes

Levels and vault maps discovered:
D:1:      eino_arrival_tree_alley, layout_loops_ring,
          hellmonk_ecumenical_altar_run_dry
D:2:      layout_basic, basic_altar, minmay_tiny_reverse_x
D:3:      layout_basic, makhleb_altar_promises_db, minitemple
D:4:      layout_loops_cross, grunt_temple_overflow_order_and_chaos_1,
          nicolae_overflow_hidden_temple, minmay_temple_entry_mini_moons,
          serial_shops, shop, minmay_manual_mail
D:5:      layout_loops_corners, uniq_grinder
D:6:      layout_layer_cave, kennysheep_orc_sif_temple, grunt_gozag_breadcrumbs,
          yredelemnul_altar_generic, gup_sewer_entry_bubbles,
          uniq_crazy_yiuf_cottage
D:7:      layout_cave_pods, vehumet_altar_wand_db,
          nicolae_hepliaklqana_hazy_memory, serial_shops,
          nicolae_shop_real_fake_doors, hangedman_decor_push,
          nicolae_shop_i_like_small_books_too
D:8:      layout_basic, mainiacjoe_overflow_alcove_4, enter_bailey_2,
          uniq_maurice
Temple:   ebering_the_none_and_only

Skill      XL: |  1  2  3  4  5  6  7  8 |
---------------+-------------------------+-----
Necromancy     | 1 2 3 4 5 |  5.0
Stealth        | 1 2 |  2.1
Maces & Flails | 3 |  3.6
Invocations    | 1 2 4 6 9 |  9.5
Axes           | 1 3 5 8 |  8.9
Fighting       | |  2.0
Dodging        | |  1.7
Spellcasting   | |  2.0
Conjurations   | |  3.0

Action                     |  1- 3 |  4- 6 |  7- 9 || total
---------------------------+-------+-------+-------++-------
  Melee: Mace              |   134 |       |       ||   134
         Kick              |    27 |    47 |   101 ||   175
         Dagger            |    12 |   134 |   228 ||   374
         Punch             |       |     2 |     7 ||     9
         Falchion          |       |       |   126 ||   126
 Invoke: Draw Destruction  |       |       |     6 ||     6
         Draw Escape       |       |       |     1 ||     1
         Draw Summoning    |       |       |     1 ||     1
  Evoke: Wand              |       |     1 |       ||     1
    Use: Scroll            |       |     4 |     9 ||    13
   Stab: Sleeping          |     3 |     8 |     4 ||    15
         Distracted        |       |     2 |     1 ||     3
         Paralysed         |       |     3 |       ||     3
 Armour: Leather armour    |    45 |    32 |   106 ||   183
  Dodge: Dodged            |   118 |    58 |   207 ||   383
  Block: Other             |       |    18 |    88 ||   106

Action                     |  1- 3 |  4- 6 |  7- 9 || total
---------------------------+-------+-------+-------++-------
  Melee: Mace              |   134 |       |       ||   134
         Kick              |    27 |    47 |   101 ||   175
         Dagger            |    12 |   134 |   228 ||   374
         Punch             |       |     2 |     7 ||     9
         Falchion          |       |       |   126 ||   126
 Invoke: Draw Destruction  |       |       |     6 ||     6
         Draw Escape       |       |       |     1 ||     1
         Draw Summoning    |       |       |     1 ||     1
  Evoke: Wand              |       |     1 |       ||     1
    Use: Scroll            |       |     4 |     9 ||    13
   Stab: Sleeping          |     3 |     8 |     4 ||    15
         Distracted        |       |     2 |     1 ||     3
         Paralysed         |       |     3 |       ||     3
 Armour: Leather armour    |    45 |    32 |   106 ||   183
  Dodge: Dodged            |   118 |    58 |   207 ||   383
  Block: Other             |       |    18 |    88 ||   106

Levels and vault maps discovered:
D:1:      eino_arrival_tree_alley, layout_loops_ring,
          hellmonk_ecumenical_altar_run_dry
D:2:      layout_basic, basic_altar, minmay_tiny_reverse_x
D:3:      layout_basic, makhleb_altar_promises_db, minitemple
D:4:      layout_loops_cross, grunt_temple_overflow_order_and_chaos_1,
          nicolae_overflow_hidden_temple, minmay_temple_entry_mini_moons,
          serial_shops, shop, minmay_manual_mail
D:5:      layout_loops_corners, uniq_grinder
D:6:      layout_layer_cave, kennysheep_orc_sif_temple, grunt_gozag_breadcrumbs,
          yredelemnul_altar_generic, gup_sewer_entry_bubbles,
          uniq_crazy_yiuf_cottage
D:7:      layout_cave_pods, vehumet_altar_wand_db,
          nicolae_hepliaklqana_hazy_memory, serial_shops,
          nicolae_shop_real_fake_doors, hangedman_decor_push,
          nicolae_shop_i_like_small_books_too
D:8:      layout_basic, mainiacjoe_overflow_alcove_4, enter_bailey_2,
          uniq_maurice
Temple:   ebering_the_none_and_only
